 Dungeon Crawl Stone Soup version 0.25.0-11-g1f837a76a1 (webtiles) character file.

Game seed: 8224937591901479461

1055 Dirian the Carver (level 8, -2/68 HPs)
             Began as a Minotaur Fighter on June 26, 2020.
             Was a Believer of Cheibriados.
             Killed from afar by a steam dragon (12 damage)
             ... with a ball of steam
             ... on level 5 of the Dungeon.
             The game lasted 00:07:12 (4532 turns).

Dirian the Carver (Minotaur Fighter)                Turns: 4532, Time: 00:07:13

Health: -2/68      AC: 10    Str: 27    XL:     8   Next: 5%
Magic:  7/7        EV: 10    Int:  9    God:    Cheibriados [**....]
Gold:   273        SH: 12    Dex: 20    Spells: 7/7 levels left

rFire    . . .     SeeInvis .   a - +1 long sword
rCold    . . .     Gourm    .   c - +1 kite shield
rNeg     . . .     Faith    .   j - +0 chain mail
rPois    .         Spirit   .   (helmet restricted)
rElec    .         Reflect  .   (no cloak)
rCorr    .         Harm     .   (no gloves)
MR       .....                  (no boots)
Stlth    ..........             (no amulet)
HPRegen  0.21/turn              l - +6 ring of dexterity
MPRegen  0.10/turn              p - +4 ring of evasion

@: very slow
A: retaliatory headbutt, horns 2
a: Bend Time, Renounce Religion


You were on level 5 of the Dungeon.
You worshipped Cheibriados.
Cheibriados was pleased with you.
You were not hungry.

You visited 1 branch of the dungeon, and saw 5 of its levels.

You collected 273 gold pieces.

Inventory:

Hand Weapons
 a - a +1 long sword (weapon)
Armour
 c - a +1 kite shield (worn)
 j - a +0 chain mail (worn)
Jewellery
 l - a +6 ring of dexterity (left hand)
 p - a +4 ring of evasion (right hand)
Scrolls
 h - a scroll of enchant armour
 r - 2 scrolls of identify
 t - 2 scrolls of teleportation
Potions
 d - a potion of might
 f - a potion of ambrosia {unknown}
 i - a potion of brilliance {unknown}
 m - a potion of flight {unknown}
 n - a potion of mutation {unknown}
 o - a potion of haste {unknown}
 s - 2 potions of lignification {unknown}
 w - a potion of heal wounds
Comestibles
 b - 3 chunks of flesh
 e - 5 rations


   Skills:
 + Level 5.1 Fighting
 * Level 8.7 Long Blades
 + Level 6.1 Armour
 + Level 5.6 Shields


You had 7 spell levels left.
You didn't know any spells.
Your spell library was empty.

Dungeon Overview and Level Annotations

Branches:
Dungeon (5/15)
 Temple: D:4-7

Altars:
Cheibriados
Hepliaklqana
Kikubaaqudgha
Okawaru
Qazlal
Xom
The Shining One


Innate Abilities, Weirdness & Mutations

You reflexively headbutt those who attack you in melee.
You have a pair of horns on your head.


Message History

The ball of steam hits you!
The steam dragon bites something.
The steam dragon claws something.
You hear an angry hiss.
You are engulfed in a cloud of scalding steam.
You hear a shout! x2
The fungus is engulfed in a cloud of scalding steam.
You hear a shout!
You are engulfed in a cloud of scalding steam.
You hear a shout! x2
The fungus is engulfed in a cloud of scalding steam.
You are engulfed in a cloud of scalding steam.
The fungus is engulfed in a cloud of scalding steam. x4
The fungus is destroyed!
The steam dragon breathes steam at you. The ball of steam hits you!!
* * * LOW HITPOINT WARNING * * *
You hear a shout! x2
The steam dragon breathes steam at you. The ball of steam hits you!
You die...

.................
..#####.####.###.
#.## # #..# ##.#
#.# #.# #[####
#.@DP########
#..§.PP.≈..P#######
#...D.......P≈P?P.P
#..≈PPP.PP≈.§..^...
#..≈..≈≈#######≈P..
#..≈.≈### #####
#.##### #. #.


You could see 2 steam dragons.

Vanquished Creatures
  Pikel (D:4)
  Sigmund (D:4)
  Natasha (twice) (D:4)
  2 worker ants
  2 orc wizards
  5 gnolls (D:3)
  8 adders
  An adder skeleton (D:4)
  2 worms (D:2)
  3 dart slugs
  2 leopard geckos
  5 orcs
  11 giant cockroaches
  42 goblins
  30 hobgoblins
  11 jackals
  4 quokkas
  A ball python (D:2)
  10 bats
  5 frilled lizards
  7 kobolds
  A leopard gecko skeleton (D:4)
  6 rats
162 creatures vanquished.

Vanquished Creatures (others)
  A slave (D:4)
  An ogre (D:4)
  Natasha (D:4)
  A fungus (D:5)
4 creatures vanquished.

Grand Total: 166 creatures vanquished

Notes
Turn   | Place    | Note
-------+----------+-------------------------------------------
     0 | D:1      | Dirian the Minotaur Fighter began the quest for the Orb.
     0 | D:1      | Reached XP level 1. HP: 19/19 MP: 0/0
    48 | D:1      | Reached XP level 2. HP: 21/27 MP: 1/1
   311 | D:1      | Reached skill level 3 in Long Blades
   391 | D:1      | You fall into a shaft and drop 1 floor!
   402 | D:2      | Reached XP level 3. HP: 21/33 MP: 2/2
  1145 | D:2      | Reached XP level 4. HP: 40/40 MP: 3/3
  1218 | D:2      | Found a faded altar of an unknown god.
  1411 | D:2      | Found a hazy altar of Hepliaklqana.
  1503 | D:2      | Reached skill level 4 in Long Blades
  2095 | D:3      | Reached XP level 5. HP: 44/47 MP: 4/4
  2604 | D:3      | Reached skill level 5 in Long Blades
  3110 | D:3      | Reached XP level 6. HP: 34/53 MP: 5/5
  3636 | D:2      | Became a worshipper of Cheibriados the Contemplative
  3636 | D:2      | Reached * piety under Cheibriados
  3731 | D:4      | Noticed Sigmund
  3747 | D:4      | Killed Sigmund
  3747 | D:4      | Reached skill level 6 in Long Blades
  3747 | D:4      | Reached skill level 5 in Armour
  3747 | D:4      | Reached skill level 5 in Shields
  3968 | D:4      | Noticed a slave
  3969 | D:4      | Noticed Pikel
  3969 | D:4      | Noticed a slave
  3970 | D:4      | Noticed a slave
  3970 | D:4      | Noticed a slave
  3984 | D:4      | Killed Pikel
  3984 | D:4      | Reached skill level 5 in Fighting
  3984 | D:4      | Reached skill level 8 in Long Blades
  3984 | D:4      | Reached XP level 7. HP: 52/61 MP: 6/6
  4166 | D:4      | Found an iron altar of Okawaru.
  4183 | D:4      | Noticed Natasha
  4187 | D:4      | Killed Natasha
  4187 | D:4      | Reached XP level 8. HP: 68/68 MP: 7/7
  4296 | D:4      | Killed Natasha
  4300 | D:4      | Found a stormy altar of Qazlal.
  4300 | D:4      | Found a shimmering altar of Xom.
  4301 | D:4      | Found an ancient bone altar of Kikubaaqudgha.
  4423 | D:4      | Noticed Natasha
  4425 | D:4      | Killed Natasha
  4441 | D:4      | Found a glowing golden altar of the Shining One.
  4489 | D:5      | Entered Level 5 of the Dungeon
  4491 | D:5      | Reached ** piety under Cheibriados
  4532 | D:5      | Killed from afar by a steam dragon

Illustrated notes

Levels and vault maps discovered:
D:1:      dpeg_arrival_stonehenge_8_columns, layout_basic
D:2:      layout_rooms, old_standard_altar, first_ration,
          chequers_ecumenical_altar_twisty
D:3:      minmay_goblin_kobold_castle, layout_loops_cross,
          nicolae_overflow_hidden_temple
D:4:      layout_loops_cross, kennysheep_okawaru_gauntlet,
          gammafunk_temple_overflow_claw, kennysheep_mini, uniq_sigmund,
          uniq_natasha, uniq_pikel
D:5:      kennysheep_steamy, layout_basic,
          nicolae_gozag_cash_rules_everything_around_me, serial_shops,
          kennysheep_little_box

Skill      XL: |  1  2  3  4  5  6 |
---------------+-------------------+-----
Fighting       | 4 5 |  5.1
Armour         | 4 6 |  6.1
Long Blades    | 3 4 5 8 |  8.7
Shields        | 4 5 |  5.6

Action                   |  1- 3 |  4- 6 |  7- 9 || total
-------------------------+-------+-------+-------++-------
Melee: Long sword        |    84 |   254 |    15 ||   353
       Headbutt          |    13 |    36 |     2 ||    51
  Use: Scroll            |       |     8 |       ||     8
       Potion            |       |     1 |       ||     1
  Eat: Chunk             |     1 |     9 |     1 ||    11
Armor: Scale mail        |    39 |   120 |     7 ||   166
       Chain mail        |       |       |     3 ||     3
Dodge: Dodged            |    31 |    95 |    15 ||   141
Block: Kite shield       |    44 |   158 |    12 ||   214
       Rpst.: Long sword |     6 |    25 |     2 ||    33
